Map: Temple of the Past

Players

wasp

  • Race: Protoss Protoss

larsgj

  • Race: Terran Terran

VOD

Have the link to the VOD?

Description

Time

  • Played on: Sept. 5, 2018, 12:37 p.m.
  • Length: 26:51
Show
View Real Time Build Order
Export as new Build Order

wasp Protoss 

Build Orders:  

Get SALT Encoding   

    0:01  Probe x12 (Chrono Boost)  
    0:16  Unknown x3  
  12  0:45  Pylon  
  12  1:18  Gateway  
  12  1:38  Forge  
  12  2:29  Zealot  
  14  3:02  Zealot  
  16  3:32  Zealot  
  18  4:05  Assimilator  
  18  4:13  Zealot  
  20  4:37  Assimilator  
  20  4:53  Probe (Chrono Boost)  
  21  5:07  Probe (Chrono Boost)  
  22  5:21  Probe (Chrono Boost)  
  23  5:32  Protoss Ground Armor Level 1  
  23  6:29  Pylon  
  23  6:38  Pylon  
  23  6:53  Pylon  
  23  6:54  Probe (Chrono Boost)  
  24  7:21  Zealot  
  26  7:44  Gateway  
  26  8:01  Zealot  
  28  8:12  Protoss Ground Weapons Level 1  
  28  8:15  Gateway  
  28  8:41  Pylon  
  28  10:01  Zealot  
  30  10:10  Zealot  
  30  10:13  Zealot  
  34  10:46  Zealot  
  34  10:47  Zealot  
  34  10:48  Zealot  
  40  12:12  Zealot x3  
  46  12:50  Zealot x3  
  52  13:39  Zealot  
  54  13:58  Pylon  
  50  14:12  Pylon  
  50  15:22  Zealot  
  50  15:23  Zealot x2  
  56  16:04  Zealot x3  
  60  17:40  Zealot x2  
  60  17:41  Zealot  
  66  19:05  Zealot x2  
  68  20:47  Pylon  
  44  22:33  Zealot  
  42  23:26  Zealot  
  18  24:18  Zealot  
  16  25:06  Zealot  
  16  25:20  Zealot  
  18  25:46  Zealot  
  18  25:48  Zealot  
Show
View Real Time Build Order
Export as new Build Order

larsgj Terran 

Build Orders:  

Get SALT Encoding   

  1  0:00  Orbital Command, SCV x12  
    0:16  Unknown x2  
  12  0:26  SCV  
  13  0:42  SCV  
  13  0:44  Supply Depot  
  14  1:02  Barracks  
  14  1:06  SCV  
  15  1:23  SCV  
  15  1:27  Supply Depot  
  16  1:51  SCV  
  16  1:56  Marine  
  16  1:57  Barracks  
  18  2:07  Supply Depot  
  18  2:20  SCV  
  18  2:23  Marine  
  20  2:35  Marine  
  20  2:36  Marine  
  20  2:37  SCV  
  23  2:49  Refinery  
  23  2:54  SCV  
  24  3:03  Marine, Refinery  
  25  3:11  SCV  
  26  3:32  Marine x2  
  28  3:44  Marine x2  
  30  3:56  Marine  
  30  3:57  Marine  
  32  4:19  Marine  
  33  4:27  Barracks Tech Lab  
  33  4:31  Marine  
  34  4:40  Barracks  
  34  4:44  Marine  
  35  4:56  Marine  
  36  5:09  Marine  
  37  5:10  Orbital Command  
  37  5:22  Engineering Bay  
  37  5:36  Supply Depot  
  37  5:44  Barracks Reactor  
  37  5:45  Barracks Reactor  
  37  5:56  Marine  
  38  6:08  Marine, Supply Depot  
  39  6:20  Marine  
  39  6:29  Factory  
  40  6:40  Supply Depot x2  
  40  6:54  SCV  
  41  7:13  Supply Depot  
  41  7:23  Unknown  
  41  7:25  Bunker  
  41  7:59  Bunker  
  41  8:02  Marine  
  41  8:03  Marine x2  
  44  8:15  Marine x3  
  47  8:27  Marine  
  38  9:33  Marine x3  
  41  9:45  Marine  
  41  9:46  Marine x2  
  44  9:56  Marine  
  44  9:57  Marine  
  44  9:58  Marine x3  
  49  10:09  Marine x2  
  50  10:10  Marine  
  50  10:11  Marine x2  
  50  10:21  Bunker  
  50  10:23  Marine  
  38  11:12  Marine  
  38  11:13  Marine x4  
  41  11:25  Marine  
  41  11:26  Marine x4  
  34  12:32  Marine  
  34  12:33  Marine x2  
  37  12:44  Marine  
  37  12:45  Marine x2  
  40  12:57  Marine x3  
  43  13:09  Marine  
  42  13:10  Marine x2  
  45  13:32  Terran Infantry Weapons Level 1  
  45  13:45  Marine  
  45  13:46  Marine  
  45  13:47  Armory  
  47  13:58  Marine  
  47  13:59  Marine  
  48  14:51  Command Center  
  48  15:42  Marine  
  48  15:43  Marine x2  
  51  15:54  Marine  
  51  15:55  Marine x2  
  54  16:07  Marine x2  
  56  16:12  Terran Infantry Armor Level 1  
  54  16:58  SCV  
  55  17:04  Refinery  
  55  17:15  SCV  
  56  17:29  Terran Vehicle And Ship Armor Level 1  
  56  17:32  SCV  
  56  17:39  Starport  
  57  17:49  SCV  
  58  18:06  SCV  
  59  18:25  Refinery  
  59  18:32  Starport  
  59  18:48  Starport Tech Lab  
  59  18:52  Structure Armor  
  50  19:43  Starport Tech Lab  
  49  20:09  Terran Vehicle and Ship Weapons Level 1  
  46  20:25  Banshee x2  
  49  20:55  Banshee x2  
  36  21:25  Banshee  
  42  21:51  Viking  
  42  21:56  Viking  
  40  22:11  Marine  
  40  22:12  Marine x2, Viking  
  40  22:17  Viking  
  44  22:24  Marine x3  
  47  22:33  Viking  
  47  22:36  Marine  
  47  22:37  Marine x2  
  47  22:38  Viking  
  50  22:48  Marine  
  50  22:49  Marine x2  
  46  22:54  Banshee  
  46  22:59  Banshee  
  52  23:01  Marine  
  44  23:24  Banshee  
  44  23:29  Banshee  
  45  23:54  Viking  
  45  23:59  Viking  
  49  24:15  Viking  
  49  24:18  Marine  
  49  24:19  Marine x2  
  54  24:20  Viking  
  56  24:36  Viking  
  43  24:41  Banshee  
  36  25:12  Viking, Banshee  
  38  25:20  SCV  
  39  25:37  SCV  
  37  25:53  Marine  
  37  25:54  Marine x2, SCV  
  32  26:06  Marine x2  
Tags
 
Add a new tag
Caveats
  • Supply blocks, unpowered buildings, or Contaminate may cause inaccurate times.
  • Supply counts are checked every 10 seconds.